 Dungeon Crawl Stone Soup version 0.27-a0-32-g443bf2d2ca (webtiles) character file.

Game seed: 9208132443181149371

3246 Delamore the Basher (level 9, -8/54 HPs)
             Began as a Gargoyle Fighter on Jan 4, 2021.
             Was a Believer of Okawaru.
             Killed by the air
             ... invoked by Gastronok
              (24 damage)
             ... on level 8 of the Dungeon.
             The game lasted 00:11:36 (6180 turns).

Delamore the Basher (Gargoyle Fighter)              Turns: 6180, Time: 00:11:37

Health: -8/54      AC: 19    Str: 24    XL:     9   Next: 99%
Magic:  9/9        EV:  7    Int: 12    God:    Okawaru [**....]
Gold:   386        SH: 10    Dex:  9    Spells: 8/8 levels left

rFire    . . .     SeeInvis .   F - +2 whip (flame)
rCold    . . .     Faith    .   c - +0 kite shield
rNeg     + . .     Spirit   .   B - +2 scale mail "Ifidd" {rCorr Int+4}
rPois    ∞         Reflect  .   i - +0 helmet
rElec    +         Harm     .   f - +0 cloak
rCorr    +         Rampage  .   y - +0 pair of gloves
Will     +....                  r - +0 pair of boots
Stlth    ..........             h - amulet of regeneration
HPRegen  0.58/turn              o - ring of willpower
MPRegen  0.11/turn              (no ring)

@: no status effects
A: negative energy resistance 1, electricity resistance, unbreathing,
petrification resistance, miasma immunity, AC +6
a: Renounce Religion, Heroism


You were on level 8 of the Dungeon.
You worshipped Okawaru.
Okawaru was pleased with you.
You visited 2 branches of the dungeon, and saw 9 of its levels.

You collected 386 gold pieces.

Inventory:

Hand Weapons
 F - a +2 whip of flaming (weapon)
Missiles
 g - 8 atropa-tipped darts
 p - 15 poisoned darts (quivered)
 G - a throwing net
 H - 5 curare-tipped darts
Armour
 c - a +0 kite shield (worn)
 f - a +0 cloak (worn)
 i - a +0 helmet (worn)
 r - a +0 pair of boots (worn)
 y - a +0 pair of gloves (worn)
 B - the +2 scale mail "Ifidd" (worn) {rCorr Int+4}
   (You found it on level 6 of the Dungeon)

   It affects your intelligence (+4).
   It provides partial protection from all sources of acid and corrosion.
Jewellery
 h - an amulet of regeneration (around neck)
 o - a ring of willpower (left hand)
Wands
 z - a wand of polymorph (5)
 E - a wand of paralysis (6)
Scrolls
 e - a scroll of enchant weapon
 k - 6 scrolls of remove curse
 l - 5 scrolls of magic mapping
 n - 5 scrolls of teleportation
 s - 4 scrolls of blinking
 u - a scroll of amnesia
 C - a scroll of immolation
Potions
 a - a potion of berserk rage {unknown}
 b - 2 potions of degeneration
 d - 3 potions of might
 j - 2 potions of heal wounds
 m - 2 potions of flight {unknown}
 q - 2 potions of cancellation {unknown}
 t - a potion of haste {unknown}
 v - a potion of ambrosia {unknown}
 w - a potion of mutation {unknown}
 x - a potion of brilliance {unknown}
 A - a potion of attraction {unknown}


   Skills:
 - Level 5.0 Fighting
 + Level 12.6 Maces & Flails
 - Level 3.2 Armour
 - Level 5.0 Shields


You had 8 spell levels left.
You didn't know any spells.
Your spell library contained the following spells:

 Spells                   Type           Power        Failure   Level
 Poisonous Vapours        Pois/Air       0%           99%         2
 Conjure Flame            Conj/Fire      0%           100%        3
 Mephitic Cloud           Conj/Pois/Air  0%           100%        3
 Freezing Cloud           Conj/Ice/Air   0%           100%        6


Dungeon Overview and Level Annotations

Branches:
Dungeon (8/15)             Temple (1/1) D:7
   Lair: D:8-11

Altars:
Ashenzari
Cheibriados
Dithmenos
Elyvilon
Fedhas
Gozag
Hepliaklqana
Kikubaaqudgha
Makhleb
Nemelex Xobeh
Okawaru
Qazlal
Ru
Sif Muna
Trog
Uskayaw
Vehumet
Wu Jian
Xom
Yredelemnul
Zin
The Shining One

Annotations:
D:8 Gastronok


Innate Abilities, Weirdness & Mutations

You are resistant to torment.
Your stone body is resilient. (AC +6)
You are immune to poison.
You resist negative energy. (rN+)
You are resistant to electric shocks. (rElec)
You can survive without breathing.
You are immune to petrification.
You are immune to miasma.


Message History

Gastronok is heavily wounded.
The worker ant bites you.
* * * LOW HITPOINT WARNING * * *
You whack Gastronok! You burn Gastronok.
Gastronok is heavily wounded.
You block the worker ant's attack.
You whack Gastronok! You burn Gastronok.
Gastronok is severely wounded.
Gastronok bites you but does no damage.
You hit Gastronok but do no damage.
Gastronok is severely wounded.
You block the worker ant's attack.
Your shield and scale mail "Ifidd" prevent you from hitting Gastronok.
Gastronok is severely wounded.
You hit Gastronok. You burn Gastronok.
Gastronok is severely wounded.
You block the worker ant's attack.
Gastronok waves his eye-stalks in wide circles.
The air twists around and strikes you!!
You die...

#####.######..#.##
#.######..### #.........#
########(## #(#####
########### #(....##########
#.........#####.(##.##.......#
#.#######.##....w##.##.#####.#
#.# #.##.#..@...##.### #.# #.#
#####.##....B#.......# #.# #.#
#.............#.##.#.# #.#
#.###.###.###..)....##.#.###.#
#.#.......#
###.######....†..##
#...#.##..# #.# ###......#
#.#.......# #.# ######.#
##..####.## ##'## #.#
#.......# ##...## #.#


You could see Gastronok (swift, poisoned) and a worker ant.

Vanquished Creatures
  Pikel (D:7)
  2 ice beasts
  3 sky beasts
  A phantom (D:5)
  5 ogres
  5 centaurs
  A lemure (D:7)
  2 bullfrogs
  A scorpion (D:5)
  2 jellies (D:7)
  3 wights (D:7)
  4 howler monkeys
  A centaur zombie (D:7)
  5 hounds
  4 orc wizards
  A bullfrog skeleton (D:4)
  4 orc priests
  2 worker ants
  Terence (D:3)
  A hound zombie (D:3)
  2 hound skeletons (D:6)
  A worker ant zombie (D:3)
  12 adders
  6 white imps
  3 ufetubi
  An ooze (D:2)
  3 worms
  A dart slug (D:2)
  5 leopard geckos
  37 orcs
  3 ball pythons
  10 giant cockroaches
  7 goblins
  5 hobgoblins
  13 jackals
  4 kobolds
  A quokka (D:4)
  7 bats
  8 frilled lizards
  A leopard gecko skeleton (D:7)
  5 rats
184 creatures vanquished.

Vanquished Creatures (others)
  A plant (D:3)
1 creature vanquished.

Grand Total: 185 creatures vanquished

Notes
Turn   | Place    | Note
-------+----------+-------------------------------------------
     0 | D:1      | Delamore the Gargoyle Fighter began the quest for the Orb.
     0 | D:1      | Reached XP level 1. HP: 14/14 MP: 1/1
   232 | D:1      | Reached XP level 2. HP: 17/19 MP: 2/2
   588 | D:1      | Reached XP level 3. HP: 24/24 MP: 3/3
  1012 | D:2      | Reached XP level 4. HP: 29/29 MP: 4/4
  1368 | D:2      | Reached skill level 3 in Maces & Flails
  1619 | D:3      | Reached XP level 5. HP: 33/33 MP: 5/5
  1681 | D:3      | Noticed a sky beast
  1696 | D:3      | Killed a sky beast
  1697 | D:3      | Reached skill level 4 in Maces & Flails
  1697 | D:3      | Reached skill level 5 in Shields
  1697 | D:3      | Reached XP level 6. HP: 38/38 MP: 6/6
  1876 | D:3      | Found a shadowy altar of Dithmenos.
  1893 | D:3      | Reached skill level 5 in Maces & Flails
  1951 | D:3      | Noticed Terence
  1962 | D:3      | Killed Terence
  2171 | D:3      | Found a bloodstained altar of Trog.
  2171 | D:3      | Found a burning altar of Makhleb.
  2635 | D:4      | Reached XP level 7. HP: 44/44 MP: 7/7
  2760 | D:4      | Reached skill level 6 in Maces & Flails
  3178 | D:4      | Reached skill level 5 in Fighting
  3442 | D:4      | Reached skill level 7 in Maces & Flails
  3530 | D:5      | Entered Level 5 of the Dungeon
  3581 | D:5      | Reached XP level 8. HP: 49/49 MP: 8/8
  3704 | D:5      | Reached skill level 8 in Maces & Flails
  4031 | D:5      | Reached skill level 9 in Maces & Flails
  4334 | D:6      | Found a sacrificial altar of Ru.
  4479 | D:6      | Got a fading scale mail
  4490 | D:6      | Identified the +2 scale mail "Ifidd" {rCorr Int+4} (You
                  | found it on level 6 of the Dungeon)
  4578 | D:6      | Reached skill level 10 in Maces & Flails
  4578 | D:6      | Reached XP level 9. HP: 54/54 MP: 9/9
  5150 | D:7      | Found a staircase to the Ecumenical Temple.
  5183 | D:7      | Reached skill level 11 in Maces & Flails
  5194 | Temple   | Entered the Ecumenical Temple
  5302 | Temple   | Became a worshipper of Warmaster Okawaru
  5365 | D:7      | Noticed Pikel
  5410 | D:7      | Killed Pikel
  5410 | D:7      | Reached * piety under Okawaru
  5503 | D:7      | Reached skill level 12 in Maces & Flails
  5993 | D:8      | Reached ** piety under Okawaru
  6069 | D:8      | Found a glowing silver altar of Zin.
  6077 | D:8      | Noticed Gastronok
  6180 | D:8      | Killed from afar by Gastronok

Illustrated notes

Levels and vault maps discovered:
D:1:      saegor_arrival_simple_e, layout_loops_ring, grunt_decor_fettered,
          minmay_worlds_worst_comb
D:2:      layout_basic, minmay_tetromino_t4
D:3:      layout_basic, amethyst_overflow_temple_binary, serial_undead,
          serial_undead_b, serial_undead_f, serial_undead_b, serial_undead_c,
          serial_bayou_ford_a, nicolae_dithmenos_shadow_blocks, uniq_terence
D:4:      cheibrodos_quashed, layout_loops_corners
D:5:      layout_basic
D:6:      layout_rooms, basic_altar, minmay_misc_feat_cross
D:7:      layout_basic, temple_statues, uniq_pikel
D:8:      layout_loops_corners, basic_altar, grunt_ministairs_9, uniq_gastronok
Temple:   regret_index_temple_chain_breaker

Skill      XL: |  1  2  3  4  5  6  7  8  9 |
---------------+----------------------------+-----
Shields        | 4 5 |  5.0
Maces & Flails | 3 4 5 7 10 12 | 12.6
Fighting       | 4 5 |  5.0
Armour         | |  3.2

Action                   |  1- 3 |  4- 6 |  7- 9 || total
-------------------------+-------+-------+-------++-------
Melee: Flail             |   138 |   218 |    88 ||   444
       Whip              |       |       |   479 ||   479
Throw: Dart              |       |       |    20 ||    20
  Use: Scroll            |       |       |     9 ||     9
Armor: Scale mail        |   119 |   110 |   219 ||   448
       Chain mail        |       |     2 |       ||     2
Dodge: Dodged            |    74 |    65 |   116 ||   255
Block: Kite shield       |    97 |   106 |   183 ||   386

Table legend: (Time is in decaauts)
 A = Elapsed time spent in this place.
 B = Non-inter-level travel time spent in this place.
 C = Inter-level travel time spent in this place.
 D = Time resting spent in this place.
 E = Time spent auto-exploring this place.
 F = Levels seen in this place.
 G = Mean time per level.
                   A        B        C        D        E       F      G
               +--------+--------+--------+--------+--------+-----+--------+
         Total |   6157 |   5786 |    371 |     84 |   4141 |   9 |  684.1 |
       Dungeon |   6038 |   5676 |    362 |     84 |   4038 |   8 |  754.8 |
        Temple |    118 |    109 |      9 |      0 |    103 |   1 |  118.0 |
               +--------+--------+--------+--------+--------+-----+--------+

Top non-repeatable levels by time:
     D:3: 1089 daAuts
     D:4: 934 daAuts
     D:1: 930 daAuts
     D:5: 745 daAuts
     D:7: 732 daAuts
     D:2: 714 daAuts
     D:6: 622 daAuts
     D:8: 270 daAuts
  Temple: 118 daAuts
